 Dungeon Crawl Stone Soup version 0.19-a0-599-g723c685 (webtiles) character file.

727 Arkorax the Shield-Bearer (level 8, -2/63 HPs)
             Began as a Formicid Fighter on June 11, 2016.
             Killed by divine providence
             ... invoked by an orc priest
              (10 damage)
             ... on level 6 of the Dungeon.
             The game lasted 00:04:04 (3508 turns).

Arkorax the Shield-Bearer (Formicid Fighter)        Turns: 3508, Time: 00:04:05

Health: -2/63      AC: 17    Str: 33    XL:     8   Next: 3%
Magic:  8/8        EV:  8    Int:  8    God:
Gold:   287        SH: 11    Dex: 10    Spells: 0 memorised, 7 levels left

rFire  . . .     SeeInvis +     a - +0 war axe
rCold  . . .     Gourm    .     G - +3 chain mail
rNeg   . . .     Faith    .     c - +0 shield
rPois  .         Spirit   .     (helmet unavailable)
rElec  .         Dismiss  .     D - +1 cloak
rCorr  .         Reflect  .     m - +0 pair of gloves
SustAt .         Harm     .     k - +0 pair of boots
MR     .....                    (no amulet)
Stlth  ..........               (no ring)
                                B - +5 ring of strength

@: mighty, not resistant to hostile enchantments, extremely unstealthy
A: permanent stasis, dig shafts and tunnels, four strong arms, antennae 3
a: Dig, Shaft Self


You were on level 6 of the Dungeon.
You were not hungry.

You visited 1 branch of the dungeon, and saw 6 of its levels.

You collected 287 gold pieces.

Inventory:

Hand Weapons
 a - a +0 war axe (weapon)
 E - a +1 whip of venom
Armour
 c - a +0 shield (worn)
 k - a +0 pair of boots (worn)
 m - a +0 pair of gloves (worn)
 D - a +1 cloak (worn)
 G - a +3 chain mail (worn)
Jewellery
 B - a +5 ring of strength (left hand)
Wands
 t - a wand of random effects (34/48)
 F - a wand of digging (14/24)
Scrolls
 b - a scroll of fog {unknown}
 e - 3 scrolls of enchant armour {unknown}
 i - 6 scrolls of identify {unknown}
 l - 2 scrolls of immolation {unknown}
 n - 7 scrolls of teleportation {unknown}
 p - a scroll of fear {unknown}
 s - a scroll of recharging {unknown}
 w - a scroll of remove curse {unknown}
 y - a scroll of amnesia {unknown}
 C - a scroll of noise {unknown}
Potions
 d - a potion of might
 h - a potion of degeneration {unknown}
 o - a potion of haste {unknown}
 q - 4 potions of curing {unknown}
 r - a potion of brilliance {unknown}
 u - a potion of flight {unknown}
 v - a potion of lignification {unknown}
 x - a potion of mutation {unknown}
 A - 2 potions of resistance {unknown}
Comestibles
 f - 4 bread rations
 g - 7 meat rations
 j - 10 fruits
 z - 2 royal jellies


   Skills:
 + Level 5.5 Fighting
 + Level 4.6 Axes
 + Level 5.4 Armour
 + Level 6.1 Shields


You had 7 spell levels left.
You didn't know any spells.

Dungeon Overview and Level Annotations

Branches:
Dungeon (6/15)             Temple (0/1) D:6

Altars:
Ashenzari
Elyvilon
Fedhas
Sif Muna
Yredelemnul


Innate Abilities, Weirdness & Mutations

You are under a permanent stasis effect.
You can dig through walls and to a lower floor.
Your four strong arms can wield two-handed weapons with a shield.
You have a pair of large antennae on your head. (SInv)


Message History

You have reached level 8!
You feel stronger.
You slice the orc!!
You kill the orc!
Your chain mail prevents you from hitting the orc priest.
You block the orc priest's attack.
You barely miss the orc priest.
The orc priest mumbles some strange prayers to Beogh against you.
Pain shoots through your body!
* * * LOW HITPOINT WARNING * * *
You hit the orc priest.
The orc priest is moderately wounded.
The orc priest hits you with a whip.
* * * LOW HITPOINT WARNING * * *
You block the orc priest's attack.
You closely miss the orc priest.
The orc priest is moderately wounded.
The orc priest calls down the wrath of Beogh upon you.
Beogh smites you!
You die...

#.#..#.#### #.
#.#.##.#
###########.
#.#.##.#
.....#.......
#......#
.....#.###.#.
###.####
.....#.###.#. #.#
##.... #.#.8.#. #.#
###o.h #.......
#.####o#.# #.8.>.8.
#..##@#..# #.......
##.#####.#
######.8.##
#.#####.###.##
##..#
#.#...{......##
#.##
#.#..##.......###.#
#.#..#............#
#.............#####
###..#....(..##
#..##......#


You could see an orc priest.

Vanquished Creatures
  An ice beast (D:5)
  An orc warrior (D:6)
  A phantom (D:4)
  A scorpion (D:4)
  A howler monkey (D:6)
  2 jellies
  An iguana (D:5)
  Terence (D:2)
  2 worker ants
  A hound skeleton (D:5)
  A howler monkey zombie (D:5)
  5 adders
  A gnoll (D:1)
  An ooze (D:3)
  2 worms (D:2)
  3 dart slugs
  A giant gecko (D:2)
  12 orcs
  3 bats
  9 giant cockroaches
  6 goblins
  12 hobgoblins
  11 jackals
  5 kobolds
  4 quokkas
  2 ball pythons (D:4)
  4 giant newts
  7 rats
101 creatures vanquished.

Notes
Turn   | Place    | Note
--------------------------------------------------------------
     0 | D:1      | Arkorax the Formicid Fighter began the quest for the Orb.
     0 | D:1      | Reached XP level 1. HP: 18/18 MP: 1/1
   150 | D:1      | Reached XP level 2. HP: 19/24 MP: 2/2
   171 | D:1      | Reached XP level 3. HP: 22/30 MP: 3/3
   513 | D:1      | Reached skill level 4 in Shields
   637 | D:2      | Reached XP level 4. HP: 24/37 MP: 4/4
   912 | D:2      | Found a basalt altar of Yredelemnul.
  1127 | D:2      | Noticed Terence
  1136 | D:2      | Killed Terence
  1136 | D:2      | Reached XP level 5. HP: 35/43 MP: 5/5
  1258 | D:2      | Found a deep blue altar of Sif Muna.
  1791 | D:4      | Noticed a phantom
  2148 | D:4      | Found a glowing drain.
  2229 | D:4      | Found a white marble altar of Elyvilon.
  2530 | D:4      | Reached skill level 5 in Shields
  2530 | D:4      | Reached XP level 6. HP: 43/49 MP: 6/6
  2635 | D:4      | Killed a phantom
  2866 | D:5      | Entered Level 5 of the Dungeon
  2878 | D:5      | Reached XP level 7. HP: 52/55 MP: 7/7
  2903 | D:5      | Reached skill level 5 in Fighting
  2908 | D:5      | Found a shattered altar of Ashenzari.
  2923 | D:5      | Reached skill level 5 in Armour
  3040 | D:5      | Found a blossoming altar of Fedhas.
  3448 | D:6      | Found a staircase to the Ecumenical Temple.
  3494 | D:6      | Reached skill level 6 in Shields
  3503 | D:6      | Reached XP level 8. HP: 14/63 MP: 8/8
  3508 | D:6      | Killed from afar by an orc priest

Vault maps used:
D:1:      matt_arrival_refuge, minmay_distorted
D:2:      lemuel_crystal_altar, old_standard_altar, minmay_misc_feat_roman,
          minmay_circled_x, uniq_terence
D:3:      first_bread
D:4:      nicolae_overflow_crystal_walls, portal_sewer_entry_b
D:5:      evilmike_ruin_ashenzari, fedhas_altar_2
D:6:      nicolae_tso_carved_into_rock, minmay_temple_entry_statues_pillars,
          basic_altar, bloody_trog

Skill      XL: |  1  2  3  4  5  6  7 |
---------------+----------------------+-----
Shields        | 4 5 6 |  6.1
Fighting       | 4 5 |  5.5
Armour         | 4 5 |  5.4
Axes           | 3 4 |  4.6

Action                   |  1- 3 |  4- 6 |  7- 9 || total
-------------------------+-------+-------+-------++-------
Melee: War axe           |    67 |   207 |    98 ||   372
 Abil: Dig               |       |       |     1 ||     1
  Use: Potion            |       |       |     1 ||     1
  Eat: Chunk             |       |     1 |       ||     1
       Bread ration      |       |     1 |       ||     1
       Meat ration       |       |     1 |       ||     1
Armor: Scale mail        |    41 |    86 |       ||   127
       Chain mail        |       |    11 |    31 ||    42
Dodge: Dodged            |    24 |    73 |    25 ||   122
Block: Shield            |    44 |   116 |    61 ||   221
